 Dungeon Crawl Stone Soup version 0.26.1-11-gd32895ea62 (webtiles) character file.

Game seed: 15706474261530427417

47 Descartes the Grasshopper (level 3, -3/16 HPs)
             Began as a Felid Warper on June 22, 2021.
             Slain by a worm (7 damage)
             ... on level 2 of the Dungeon.
             The game lasted 00:01:50 (1850 turns).

Descartes the Grasshopper (Felid Warper)            Turns: 1850, Time: 00:01:50

Health: -3/16      AC:  1    Str:  8    XL:     3   Next: 48%
Magic:  7/7        EV: 19    Int: 14    God:
Gold:   79         SH:  0    Dex: 15    Spells: 6/6 levels left
                                        Lives:  0   Deaths: 0

rFire    . . .     SeeInvis +     - Unarmed
rCold    . . .     Faith    .   (shield unavailable)
rNeg     . . .     Spirit   .   (armour unavailable)
rPois    .         Reflect  .   (helmet unavailable)
rElec    .         Harm     .   (cloak unavailable)
rCorr    .         Rampage  .   (gloves unavailable)
Will     .....                  (boots unavailable)
Stlth    ++........             (no amulet)
HPRegen  0.05/turn              (no ring)
MPRegen  0.10/turn              (no ring)

@: quick
A: very small, no armour, no weapons or thrown items, stealth, claws 1, fangs 3,
see invisible, speed 1, shaggy fur 1, sharp paws
a: no special abilities


You were on level 2 of the Dungeon.
You visited 1 branch of the dungeon, and saw 2 of its levels.

You collected 79 gold pieces.

Inventory:

Missiles
 a - 73 stones
Scrolls
 b - a scroll of blinking
 d - 2 scrolls of identify {unknown}
 e - a scroll of random uselessness {unknown}
 f - a scroll of enchant armour {unknown}
 h - a scroll of remove curse {unknown}
Potions
 c - a potion of brilliance {unknown}
 g - 2 potions of resistance {unknown}


   Skills:
 - Level 2.1 Fighting
 + Level 4.0 Dodging
 + Level 1.7 Stealth
 + Level 2.6 Unarmed Combat
 - Level 2.0 Spellcasting
 - Level 4.9 Translocations


You had 6 spell levels left.
You didn't know any spells.
Your spell library contained the following spells:

 Spells                   Type           Power        Failure   Level
 Blink                    Tloc           N/A          4%          2
 Gell's Gravitas          Tloc           7%           10%         3
 Lesser Beckoning         Tloc           7%           10%         3
 Teleport Other           Tloc           15%          10%         3
 Passage of Golubria      Tloc           N/A          32%         4


Dungeon Overview and Level Annotations

Branches:
Dungeon (2/15)

Altars:


Innate Abilities, Weirdness & Mutations

You cannot wear armour.
You are incapable of wielding weapons or throwing items.
Your paws allow you to move quietly. (Stealth)
You have sharp claws.
You have razor-sharp teeth.
You have supernaturally acute eyesight. (SInv)
You cover ground quickly.
You are covered in fur. (AC +1)
Your sharp claws are effective at attacking unaware monsters.


Message History

You are too injured to fight recklessly!
You are too injured to fight recklessly!
You are too injured to fight recklessly!
You are too injured to fight recklessly!
You are too injured to fight recklessly!
You are too injured to fight recklessly!
You scratch the worm. You bite the worm.
The worm is lightly wounded.
The worm closely misses you.
You scratch the worm.
The worm is lightly wounded.
You scratch the worm but do no damage.
The worm is lightly wounded.
The worm bites you.
* * * LOW HITPOINT WARNING * * *
You claw the worm!
The worm is heavily wounded.
You don't know any spells.
The worm bites you!
You die...

#.##.........#####
#.##.........#
#.##.........#
#.<..........#
#............# #.....
#.##.........# #.....
..# #.##...........
#..... #.#
#.############# #.....
##.#####@#
#.....+##.......w#
#...<....####..# .
#........####..###...
#.........#..........
#....)).†.#÷#..###...
##....w..#......####+#
.......................
.########.##.(.......##


You could see a worm.

Vanquished Creatures
  An adder (D:2)
  A dart slug (D:1)
  A leopard gecko (D:2)
  4 bats
  2 giant cockroaches (D:1)
  3 goblins
  3 hobgoblins (D:1)
  6 jackals
  6 kobolds
  5 rats (D:1)
32 creatures vanquished.

Notes
Turn   | Place    | Note
-------+----------+-------------------------------------------
     0 | D:1      | Descartes the Felid Warper began the quest for the Orb.
     0 | D:1      | Reached XP level 1. HP: 9/9 MP: 4/4
   218 | D:1      | Reached XP level 2. HP: 10/13 MP: 6/6
  1097 | D:2      | Reached skill level 1 in Stealth
  1205 | D:2      | Reached XP level 3. HP: 16/16 MP: 7/7
  1850 | D:2      | Slain by a worm

Illustrated notes

Levels and vault maps discovered:
D:1:      dpeg_arrival_prison, layout_basic
D:2:      layout_basic, minmay_tetromino_o2

Skill      XL: |  1  2  3 |
---------------+----------+-----
Stealth        | 1 |  1.7
Dodging        | 4 |  4.0
Fighting       | |  2.1
Unarmed Combat | |  2.6
Spellcasting   | |  2.0
Translocations | |  4.9

Action                   || total
-------------------------++-------
Melee: Unarmed           ||   113
       Bite              ||    10
       Punch             ||     1
 Stab: Sleeping          ||     2
       Distracted        ||     2
Armor: Skin              ||     4
Dodge: Dodged            ||   107
